 Dungeon Crawl Stone Soup version 0.19-a0-32-gbfd796a (webtiles) character file.

588 M4edhros the Insei (level 7, 0/41 HPs)
             Began as an Octopode Necromancer on May 2, 2016.
             Was a Follower of Cheibriados.
             Killed by divine providence
             ... invoked by an orc priest
              (13 damage)
             ... on level 6 of the Dungeon.
             The game lasted 00:09:21 (1210 turns).

M4edhros the Insei (Octopode Necromancer)           Turns: 1210, Time: 00:09:22

Health: 0/41       AC:  1    Str:  9    XL:     7   Next: 38%
Magic:  5/10       EV: 12    Int: 20    God:    Cheibriados [*.....]
Gold:   141        SH:  0    Dex: 16    Spells: 3 memorised, 5 levels left

rFire  . . .     SeeInvis .     e - +3 dagger (venom)
rCold  . . .     Gourm    .     (no shield)
rNeg   . . .     Faith    .     (helmet restricted)
rPois  .         Spirit   .     (no amulet)
rElec  .         Dismiss  .     (no ring)
rCorr  .         Reflect  .     (no ring)
SustAt .         Harm     .     (no ring)
MR     .....                    (no ring)
Stlth  +++.......               (no ring)
                                (no ring)
                                (no ring)
                                (no ring)

@: very slow, not resistant to hostile enchantments, fairly stealthy
A: almost no armour, amphibious, 8 rings, constrict 8, camouflage 1, gelatinous
body 1
a: Bend Time, Renounce Religion


You were on level 6 of the Dungeon.
You worshipped Cheibriados.
Cheibriados was aware of your devotion.
You were not hungry.

You visited 2 branches of the dungeon, and saw 7 of its levels.

You collected 141 gold pieces.

Inventory:

Hand Weapons
 e - a +3 dagger of venom (weapon)
 l - a +1 spear of flaming
Scrolls
 c - a scroll of immolation
 g - a scroll of noise
Potions
 k - 2 potions of berserk rage
Books
 a - a book of Necromancy

   Spells                             Type                      Level
   a - Pain                           Necromancy                   1
   b - Animate Skeleton               Necromancy                   1
   c - Vampiric Draining              Necromancy                   3
   d - Regeneration                   Charms/Necromancy            3
   e - Animate Dead                   Necromancy                   4
   f - Control Undead                 Necromancy                   4
 i - a book of the Dragon

   Spells                             Type                      Level
   a - Flame Tongue                   Conjuration/Fire             1
   b - Cause Fear                     Hexes                        4
   c - Bolt of Fire                   Conjuration/Fire             6
   d - Dragon Form                    Transmutation                7
   e - Dragon's Call                  Summoning                    9
Comestibles
 b - a bread ration
 d - 3 chunks of flesh
 h - 3 fruits


   Skills:
 - Level 2.0 Dodging
 - Level 2.6 Stealth
 + Level 7.6 Unarmed Combat
 - Level 2.0 Spellcasting
 - Level 4.0 Necromancy


You had 5 spell levels left.
You knew the following spells:

 Your Spells              Type           Power        Failure   Level  Hunger
a - Pain                  Necr           ###.         2%          1    #......
b - Animate Skeleton      Necr           N/A          2%          1    #......
r - Regeneration          Chrm/Necr      ##........   21%         3    ###....


Dungeon Overview and Level Annotations

Branches:
Dungeon (6/15)             Temple (1/1) D:4

Altars:
Ashenzari
Cheibriados
Fedhas
Gozag
Kikubaaqudgha
Makhleb
Nemelex Xobeh
Okawaru
Ru
Vehumet
Xom
Lugonu

Shops:
D:5 %


Innate Abilities, Weirdness & Mutations

You cannot wear most types of armour.
You are amphibious.
You can wear up to eight rings at the same time.
You can use your tentacles to constrict eight enemies at once.
Your skin changes colour to match your surroundings (Stealth).
Your rubbery body absorbs attacks (AC +1).


Message History

The orc warrior's wounds heal themselves!
The orc warrior hits you with a long sword of holy wrath!
Drink which item? (? for menu, Esc to quit)
It was a potion of cure mutation.
It has a very clean taste.
Your orc skeleton hits the orc warrior but does no damage.
You aren't carrying any items that you can evoke without wielding.
Read which item? (? for menu, Esc to quit)
Okay, then.
Okay, then.
The flow of time bends around you.
Cheibriados rebukes the orc warrior.
The orc warrior seems to slow down.
Cheibriados rebukes your orc skeleton.
Your orc skeleton seems to slow down.
You feel slightly more hungry. The orc warrior misses you.
The orc priest invokes the aid of Beogh against you.
Beogh smites you!
The orc priest invokes the aid of Beogh against you.
Beogh smites you!
You die...

##'## #.# ##...## #.#
##.....## ###.#
##.......## ##.#.#
###.........####....#####
.oo.........'..†.........
#o........####...#.####
#....Z..## ##.##.#
##..o@.## #.....# ##...##
#.##### ##+## #. #. #. #.


You could see an orc warrior, 2 orc priests, an orc and a friendly orc skeleton.

Vanquished Creatures
  A water moccasin (D:6)
  A necrophage (D:6)
  A giant frog (D:6)
  A howler monkey (D:4)
  An orc priest (D:5)
  3 orc wizards
  5 worker ants
  2 worms
  4 giant geckos
  10 orcs
  5 bats
  2 giant cockroaches
  2 goblins
  2 hobgoblins
  4 jackals (D:1)
  A ball python (D:5)
  2 giant newts (D:3)
  4 kobolds
  A rat (D:2)
52 creatures vanquished.

Notes
Turn   | Place    | Note
--------------------------------------------------------------
     0 | D:1      | M4edhros the Octopode Necromancer began the quest for the Orb.
     0 | D:1      | Reached XP level 1. HP: 11/11 MP: 3/3
    47 | D:1      | Reached skill level 1 in Unarmed Combat
   104 | D:1      | Reached XP level 2. HP: 3/17 MP: 1/5
   205 | D:2      | Reached skill level 2 in Unarmed Combat
   336 | D:2      | Reached XP level 3. HP: 2/21 MP: 0/6
   339 | D:2      | Learned a level 1 spell: Animate Skeleton
   343 | D:2      | Learned a level 3 spell: Regeneration
   446 | D:3      | Found a sacrificial altar of Ru.
   472 | D:3      | Reached skill level 3 in Unarmed Combat
   476 | D:3      | Found an iron altar of Okawaru.
   503 | D:4      | Reached XP level 4. HP: 20/27 MP: 1/7
   510 | D:4      | Reached skill level 4 in Unarmed Combat
   524 | D:4      | Reached XP level 5. HP: 16/31 MP: 0/8
   533 | D:4      | Found a staircase to the Ecumenical Temple.
   542 | Temple   | Entered the Ecumenical Temple
   554 | Temple   | Became a worshipper of Cheibriados the Contemplative
   584 | D:4      | Reached skill level 5 in Unarmed Combat
   692 | D:5      | Entered Level 5 of the Dungeon
   756 | D:5      | Reached XP level 6. HP: 36/36 MP: 6/9
   807 | D:5      | Found Gomel's Food Shoppe.
   870 | D:6      | Noticed an orc warrior
   893 | D:6      | Found a shattered altar of Ashenzari.
   893 | D:6      | Found a burning altar of Makhleb.
   903 | D:6      | Noticed a water moccasin
   911 | D:6      | Killed a water moccasin
   911 | D:6      | Reached skill level 6 in Unarmed Combat
   979 | D:6      | Noticed a necrophage
   986 | D:6      | Killed a necrophage
   986 | D:6      | Reached XP level 7. HP: 40/41 MP: 6/10
  1009 | D:6      | Reached skill level 7 in Unarmed Combat
  1016 | D:6      | Found a shimmering altar of Xom.
  1176 | D:6      | Reached * piety under Cheibriados
  1210 | D:6      | Killed from afar by an orc priest

Vault maps used:
D:1:      lightli_arrival_statuegarden, minmay_misc_feat_doors
D:2:      serial_aquarium, aquarium_bridge_long_joined, aquarium_window_2,
          aquarium_window_fake, aquarium_window_fake, aquarium_window_1,
          aquarium_view_2c, aquarium_view_2c, aquarium_balcony_3a
D:3:      okawaru_ov_weapons_minmay, nicolae_ru_sacrificial_ziggurat,
          ecumenical_altar_1, first_bread, kennysheep_generic_room_15,
          uniq_sigmund, uniq_natasha
D:4:      lightli_temple_of_fire, minmay_temple_entry_large_hall, serial_glass,
          glass_columns_a, glass_columns_b, due_unseen_surprise,
          minmay_strange_pillars, item_on_display_a, uniq_pikel
D:5:      zin_scriptorium, serial_shops, shop
D:6:      gammafunk_temple_overflow_statue, kennysheep_mini_moat, basic_altar,
          serial_shops, kennysheep_little_box
Temple:   corrupted_temple

Skill      XL: |  1  2  3  4  5  6  7 |
---------------+----------------------+-----
Unarmed Combat | 1 2 3 4 5 6 7 |  7.6
Dodging        | |  2.0
Stealth        | |  2.6
Spellcasting   | |  2.0
Necromancy     | |  4.0

Action                   |  1- 3 |  4- 6 |  7- 9 || total
-------------------------+-------+-------+-------++-------
Melee: Unarmed           |    22 |       |       ||    22
       Constrict         |     8 |    14 |     5 ||    27
       Tentacles         |     2 |    13 |     2 ||    17
       Dagger            |     1 |    56 |    13 ||    70
       Punch             |     1 |     2 |     2 ||     5
 Cast: Pain              |    34 |     1 |       ||    35
       Regeneration      |     2 |    12 |     3 ||    17
       Animate Skeleton  |       |       |     1 ||     1
Invok: Bend Time         |       |     1 |     1 ||     2
  Use: Potion            |     1 |     1 |     1 ||     3
       Scroll            |       |     5 |       ||     5
 Stab: Sleeping          |     2 |     2 |     1 ||     5
  Eat: Chunk             |       |     2 |     3 ||     5
Armor: Skin              |       |     3 |       ||     3
Dodge: Dodged            |    12 |    23 |     4 ||    39
